AoeStats
← Boni_5

Arabia

509672266Analyzed
3v3 RM · 5d ago on Sep 27, 2026· 42m 55s· 6 players
Game mode
Random Map
Map size
Normal (6 player)
Population
200
Speed
Normal
Resources
Standard
Victory
Conquest
Starting age
Dark Age
Ending age
Imperial Age
RankedLock teamsTeams togetherTeam positionsShared explorationLock speedFull tech treeHidden civsTurbo modeCheats
Victory
Defeat
🇩🇪 Ethiopians · Germany
1130
+11
🇩🇪 Magyars · Germany
981
+17
🇩🇪 Saxons · Germany
905
+20
🇧🇪 Saxons · Belgium
1058
-18
🇪🇸 Gurjaras · Spain
987
-15
🇧🇷 Franks · Brazil
985
-15
stoibech
11:36 Feudal Age
10:18 Loom
12:13 Horse Collar
12:19 Double-Bit Axe
12:55 Gold Mining
17:20 Wheelbarrow
20:13 Castle Age
19:31 Man-at-Arms
20:58 Pikeman
22:56 Heavy Plow
24:06 Town Watch
26:56 Squires
28:07 Bow Saw
30:10 Arson
30:15 Gambesons
30:03 Long Swordsman
35:27 Imperial Age
33:20 Scale Mail Armor
36:13 Forging
36:19 Chain Mail Armor
35:29 Halberdier
36:36 Conscription
37:19 Town Patrol
37:35 Two-Handed Swordsman
38:24 Shield Wall
39:04 Champion
41:55 Hand Cart
43:15 Iron Casting
43:11 Plate Mail Armor
Awkward Conversation
7:36 Loom
8:17 Loom
10:58 Feudal Age
11:49 Double-Bit Axe
13:37 Bloodlines
17:50 Scale Barding Armor
22:30 Castle Age
22:21 Wheelbarrow
21:42 Gold Mining
21:42 Stone Mining
22:12 Fletching
22:24 Padded Archer Armor
23:08 Scale Mail Armor
23:23 Bow Saw
23:13 Horse Collar
23:23 Pikeman
26:45 Bodkin Arrow
27:32 Thumb Ring
30:59 Hand Cart
35:10 Ballistics
34:45 Murder Holes
36:03 Gold Shaft Mining
35:19 Stone Mining
38:17 Imperial Age
36:05 Leather Archer Armor
36:06 Chain Mail Armor
37:56 Husbandry
38:52 Halberdier
40:23 Conscription
40:33 Recurve Bow
41:54 Chemistry
41:58 Parthian Tactics
41:44 Heavy Plow
41:50 Bracer
You_can't_see_me
7:20 Loom
9:35 Feudal Age
18:48 Fletching
24:36 Castle Age
23:06 Padded Archer Armor
23:16 Double-Bit Axe
24:02 Gold Mining
23:58 Horse Collar
24:45 Crossbowman
25:22 Bodkin Arrow
34:18 Imperial Age
33:59 Gold Shaft Mining
34:26 Arbalester
37:28 Wheelbarrow
38:49 Hand Cart
39:07 Thumb Ring
39:43 Stone Mining
41:53 Chemistry
41:41 Bracer
42:23 Conscription
thiago.sensy
6:41 Loom
10:37 Feudal Age
12:14 Wheelbarrow
11:34 Double-Bit Axe
22:11 Castle Age
21:05 Gold Mining
21:57 Stone Mining
24:07 Bow Saw
30:27 Scale Barding Armor
30:33 Forging
30:14 Fletching
30:24 Padded Archer Armor
33:59 Husbandry
39:54 Chain Barding Armor
40:09 Iron Casting
41:00 Scale Mail Armor
44:19 Imperial Age
Boni_5
2:35 Loom
13:19 Feudal Age
13:49 Horse Collar
13:58 Double-Bit Axe
16:57 Bloodlines
24:56 Castle Age
23:40 Gold Mining
24:56 Fletching
26:16 Elite Skirmisher
31:36 Padded Archer Armor
31:32 Bodkin Arrow
35:03 Heavy Plow
35:22 Bow Saw
39:30 Imperial Age
37:54 Husbandry
38:57 Forging
40:48 Scale Mail Armor
41:20 Conscription
43:09 Wheelbarrow
Ced
2:11 Loom
14:03 Feudal Age
24:21 Castle Age
23:54 Fletching
25:39 Bodkin Arrow
25:50 Elite Skirmisher
27:33 Stone Mining
28:19 Ballistics
29:05 Murder Holes
29:21 Masonry
31:59 Squires
31:45 Arson
36:40 Padded Archer Armor
41:25 Horse Collar
45:00 Imperial Age
Connection lost

Rejoining the realm…

Still unreachable

The connection could not be restored.

Session expired

The server has moved on; the page needs a fresh start.